 Dungeon Crawl Stone Soup version 0.31.0-12-g77e489cdc1 (webtiles) character file.

Game seed: 5803644433161422821

149 Gadfly the Shooter (level 5, -9/32 HPs)
             Began as a Kobold Hunter on Feb 14, 2024.
             Mangled by Crazy Yiuf
             ... wielding a +2 quarterstaff of chaos
              (16 damage)
             ... on level 2 of the Dungeon.
             The game lasted 00:01:40 (1410 turns).

Gadfly the Shooter (Kobold Hunter)                  Turns: 1410, Time: 00:01:40

Health: -9/32      AC:  4    Str:  9    XL:     5   Next: 56%
Magic:  6/6        EV: 16    Int: 10    God:
Gold:   135        SH:  0    Dex: 20    Spells: 4/4 levels left

rFire   . . .        a - +0 shortbow
rCold   . . .        (shield currently unavailable)
rNeg    + . .        k - +2 robe {rN+}
rPois   .            (no helmet)
rElec   .            (no cloak)
rCorr   .            (no gloves)
SInv    .            (no boots)
Will    .....        (no amulet)
Stlth   +++          (no ring)
HPRegen 0.25/turn    (no ring)
MPRegen 0.10/turn

%: no passive effects
@: no status effects
A: small, no large weapons, nightstalker 3
a: no special abilities


You were on level 2 of the Dungeon.
You visited 1 branch of the dungeon, and saw 2 of its levels.

You collected 135 gold pieces.

Inventory:

Hand Weapons
 a - a +0 shortbow (weapon)
 b - a +3 dagger of speed
Armour
 k - a +2 robe of positive energy (worn)
Scrolls
 c - a scroll of enchant weapon {unknown}
 e - a scroll of brand weapon {unknown}
 g - a scroll of amnesia {unknown}
 j - a scroll of butterflies
Potions
 d - 2 potions of heal wounds
 f - a potion of enlightenment {unknown}
 h - a potion of curing
 i - 3 potions of attraction


   Skills:
 + Level 3.0 Fighting
 + Level 5.9 Ranged Weapons
 + Level 3.1 Dodging
 - Level 1.3 Stealth
 * Level 2.6 Invocations
 * Level 2.8 Evocations


You had 4 spell levels left.
You didn't know any spells.
Your spell library contained the following spells:

 Spells                   Type           Power      Damage    Failure   Level
 Mercury Vapours          Alch/Air       0%         N/A       50%         2
 Mephitic Cloud           Conj/Alch/Air  0%         N/A       75%         3
 Freezing Cloud           Conj/Ice/Air   0%         6-21      100%        5


Dungeon Overview and Level Annotations

Branches:
Dungeon (2/15)

Altars:
Zin

Annotations:
D:2 Crazy Yiuf


Innate Abilities, Weirdness & Mutations

You are small and have problems with some larger weapons.
You are completely attuned to the shadows.


Message History

You shoot an arrow. The arrow hits Natasha.
You kill Natasha!
You feel Natasha's spirit has finally been put to rest.
No target in view!
No target in view!
You feel yourself speed up.
Could not explore, unopened runed door.
You open the door. You shoot an arrow. The arrow hits Crazy Yiuf.
Crazy Yiuf shouts!
Crazy Yiuf is lightly wounded.
You shoot an arrow.
The arrow hits Crazy Yiuf but does no damage.
Crazy Yiuf is lightly wounded.
You shoot an arrow. The arrow hits Crazy Yiuf.
Crazy Yiuf is moderately wounded.
Crazy Yiuf whimpers, "Powder Orb Guardian pizzabubble!"
You shoot an arrow. The arrow hits Crazy Yiuf.
Crazy Yiuf is heavily wounded.
Crazy Yiuf barely misses you.
Crazy Yiuf hits you with a +2 quarterstaff of chaos!
Crazy Yiuf freezes you.
You shoot an arrow. The arrow hits Crazy Yiuf.
Crazy Yiuf is severely wounded.
Crazy Yiuf barely misses you.
You shoot an arrow. The arrow hits Crazy Yiuf.
Crazy Yiuf is almost dead.
Crazy Yiuf says, "Crazy?
Crazy!?
PORCUPINE!"
Crazy Yiuf hits you with a +2 quarterstaff of chaos!
Crazy Yiuf burns you.
* * * LOW HITPOINT WARNING * * *
You are too injured to fight recklessly!
You are too injured to fight recklessly!
Fire: a) +0 shortbow
Press: ? - help, Shift-Dir - straight line, f/p - Crazy Yiuf
Aim: Crazy Yiuf, wielding a +2 quarterstaff of chaos and wearing a +0 cloak of willpower (almost dead, 69% to hit)
You shoot an arrow. The arrow barely misses Crazy Yiuf.
Crazy Yiuf hits you with a +2 quarterstaff of chaos!
Ouch! That really hurt!
You die...

#
######...........#.....##
##.## #
#####.######.......###....
# #.# #.....##.#..#.. #
### #########...... #
##### #.........
#####...##♣♣♣♣♣ ######....
.......#.#..♣.♣♣♣ ##
######.#..
...........♣.♣..♣#...
#........<
÷...........♣♣♣♣@g...
#.##...... .........#.♣♣
♣♣#..) #.........
.......###♣♣ ## #..#......
.......# #..#......
......^## #...##....
........# ##### #.#.#####.
.......## #(..# #...# #.
##.##### ##.##
####.#######. #.# #.#
#............


You could see Crazy Yiuf.

Vanquished Creatures
  Jessica (D:2)
  Natasha (thrice) (D:2)
  2 adders (D:2)
  3 bats
  2 endoplasms
  5 goblins
  5 hobgoblins
  A quokka (D:1)
  3 ball pythons
  A frilled lizard (D:2)
  5 kobolds
  2 rats
33 creatures vanquished.

Notes
Turn   | Place    | Note
-------+----------+-------------------------------------------
     0 | D:1      | Gadfly the Kobold Hunter began the quest for the Orb.
     0 | D:1      | Reached XP level 1. HP: 12/12 MP: 1/1
   144 | D:1      | Reached XP level 2. HP: 17/17 MP: 2/2
   289 | D:1      | Reached skill level 1 in Evocations
   296 | D:1      | Reached skill level 1 in Invocations
   634 | D:2      | Found a faded altar of an unknown god.
   644 | D:2      | Reached XP level 3. HP: 19/22 MP: 3/3
   685 | D:2      | Found a glowing silver altar of Zin.
   842 | D:2      | Noticed Jessica
   848 | D:2      | Killed Jessica
   849 | D:2      | Reached XP level 4. HP: 17/27 MP: 5/5
  1162 | D:2      | Noticed Natasha
  1168 | D:2      | Killed Natasha
  1169 | D:2      | Reached XP level 5. HP: 16/32 MP: 6/6
  1245 | D:2      | Found a runed translucent door.
  1248 | D:2      | Noticed Crazy Yiuf
  1353 | D:2      | Noticed Natasha
  1355 | D:2      | Killed Natasha
  1382 | D:2      | Noticed Natasha
  1385 | D:2      | Killed Natasha
  1410 | D:2      | Mangled by Crazy Yiuf

Illustrated notes

Levels and vault maps discovered:
D:1:      heliophobic_arrival_battle_scene, layout_basic, grunt_decor_clamped
D:2:      layout_loops_ring, basic_altar, nicolae_ecumenical_pavilion,
          uniq_natasha, uniq_jessica, uniq_crazy_yiuf_cottage

Skill      XL: |  1  2  3  4  5 |
---------------+----------------+-----
Evocations     | 1 2 |  2.8
Invocations    | 1 2 |  2.6
Dodging        | 3 |  3.1
Fighting       | 3 |  3.0
Ranged Weapons | |  5.9
Stealth        | |  1.3

Action                     |  1- 3 |  4- 6 || total
---------------------------+-------+-------++-------
   Fire: Shortbow          |    55 |    36 ||    91
    Use: Scroll            |     4 |       ||     4
         Potion            |     2 |       ||     2
 Armour: Leather armour    |     5 |     1 ||     6
         Robe              |       |     9 ||     9
  Dodge: Dodged            |    15 |    14 ||    29
